 Dungeon Crawl Stone Soup version 0.30.1 (webtiles) character file.

Game seed: 16681191896583769478

4866 Elmgren the Fighter (level 10, -3/101 HPs)
             Began as a Minotaur Fighter on July 1, 2023.
             Was a Believer of Okawaru.
             Slain by an orc warrior
             ... wielding a +0 glaive
              (9 damage)
             ... on level 8 of the Dungeon.
             The game lasted 00:13:27 (11051 turns).

Elmgren the Fighter (Minotaur Fighter)             Turns: 11051, Time: 00:13:27

Health: -3/101     AC: 15    Str: 26    XL:     10   Next: 26%
Magic:  9/9        EV:  7    Int:  5    God:    Okawaru [**....]
Gold:   434        SH:  0    Dex:  9    Spells: 9/9 levels left

rFire   . . .        x - +2 mace (heavy)
rCold   . . .        i - orb {light}
rNeg    . . .        w - +1 plate armour
rPois   .            (helmet restricted)
rElec   .            n - +2 cloak
rCorr   .            (no gloves)
SInv    .            (no boots)
Will    .....        (no amulet) Stlth
                     (no ring)
HPRegen 0.36/turn    (no ring)
MPRegen 0.11/turn

%: no passive effects
@: glowing
A: horns 2, retaliatory headbutt
a: Renounce Religion, Heroism


You were on level 8 of the Dungeon.
You worshipped Okawaru.
Okawaru was pleased with you.
You visited 2 branches of the dungeon, and saw 9 of its levels.

You collected 434 gold pieces.

Inventory:

Hand Weapons
 a - a +1 heavy flail
 x - a +2 heavy mace (weapon)
Armour
 i - an orb of light (worn)
 n - a +2 cloak (worn)
 v - a +0 kite shield
 w - a +1 plate armour (worn)
Wands
 b - a wand of flame (26)
 r - a wand of mindburst (19)
 s - a wand of iceblast (13)
Scrolls
 e - 4 scrolls of teleportation
 j - a scroll of enchant weapon
 l - a scroll of fear
 t - a scroll of magic mapping
Potions
 c - a potion of heal wounds {unknown}
 d - 2 potions of might
 f - 3 potions of degeneration
 g - 3 potions of curing
 h - 3 potions of lignification
 k - a potion of berserk rage {unknown}
 m - a potion of resistance {unknown}
 o - a potion of flight
 p - a potion of attraction
 q - 2 potions of brilliance
 u - 2 potions of haste {unknown}


   Skills:
 + Level 13.1 Fighting
 + Level 12.9 Maces & Flails
 - Level 3.6 Armour
 - Level 3.6 Shields


You had 9 spell levels left.
You didn't know any spells.
Your spell library contained the following spells:

 Spells                   Type           Power      Damage    Failure   Level
 Kiss of Death            Conj/Necr      0%         2d5       100%        1
 Lesser Beckoning         Tloc           0%         N/A       100%        2
 Confusing Touch          Hex            0%         N/A       100%        3
 Dazzling Flash           Conj/Hex       0%         N/A       100%        3
 Gell's Gravitas          Tloc           0%         N/A       100%        3
 Teleport Other           Tloc           0%         N/A       100%        3
 Dispel Undead            Necr           0%         3d6       100%        4
 Agony                    Necr           0%         N/A       100%        5
 Fireball                 Conj/Fire      0%         3d3       100%        5
 Iskenderun's Battlesphe  Conj           0%         2d6       100%        5
 Silence                  Hex/Air        0%         N/A       100%        5
 Conjure Ball Lightning   Conj/Air       0%         3x3d6     100%        6
 Orb of Destruction       Conj           0%         9d5       100%        7


Dungeon Overview and Level Annotations

Branches:
Dungeon (8/15) Zot: 26079  Temple (1/1) D:7 Zot: 5754
   Lair: D:8-11

Altars:
Ashenzari
Cheibriados
Dithmenos
Elyvilon
Fedhas
Gozag
Hepliaklqana
Makhleb
Nemelex Xobeh
Okawaru
Ru
Sif Muna
Trog
Uskayaw
Vehumet
Wu Jian
Xom
Yredelemnul
Zin
The Shining One

Shops:
D:4 !   D:7 *   D:8 !


Innate Abilities, Weirdness & Mutations

You have a pair of horns on your head.
You reflexively headbutt those who attack you in melee.


Message History

You take 1 damage, and have 32/101 hp.
You hit the orc priest but do no damage.
The orc priest hits you but does no damage.
You hit the orc priest but do no damage.
You headbutt the orc priest.
The orc warrior shoots a bolt.
The bolt hits you.
* * * LOW HITPOINT WARNING * * *
You take 6 damage, and have 26/101 hp.
MP restored: 9 The orc priest hits you but does no damage.
The orc warrior unwields a +0 arbalest.
The orc warrior wields a +0 glaive.
The orc warrior barely misses you.
You hit the orc priest.
The orc priest hits you but does no damage.
The orc warrior hits you with a +0 glaive!
* * * LOW HITPOINT WARNING * * *
You take 7 damage, and have 20/101 hp.
You thump the orc warrior!
The orc priest looks encouraged for a moment.
The orc warrior hits you with a +0 glaive.
* * * LOW HITPOINT WARNING * * *
You take 1 damage, and have 19/101 hp.
You hit the orc warrior but do no damage.
The orc priest hits you with a +0 dagger.
* * * LOW HITPOINT WARNING * * *
The orc warrior hits you but does no damage.
You take 2 damage, and have 17/101 hp.
You barely miss the orc warrior. You headbutt the orc warrior!
The orc priest hits you but does no damage.
The orc warrior hits you with a +0 glaive!
* * * LOW HITPOINT WARNING * * *
The orc priest hits you but does no damage.
You take 11 damage, and have 6/101 hp.
You sock the orc priest!
You kill the orc priest!
Okawaru accepts your kill.
The orc warrior hits you with a +0 glaive.
* * * LOW HITPOINT WARNING * * *
You hit the orc warrior but do no damage.
The orc warrior hits you with a +0 glaive!
You die...

...# #.. #.. ...#
##'###### #).....#
#......# #..
#.†....# #.#
#).....# #.#
#......#. #.#
#o.....#D. #.#
#@######## #>#
#))...$# #.#
#########.######
#.######.........#
...(.....#########
.######### .# .#
##


You could see an orc warrior and an acid dragon.

Vanquished Creatures
  A two-headed ogre (D:8)
  Maggie (D:8)
  Sigmund (D:6)
  A steam dragon (D:8)
  3 water moccasins
  An acid dragon (D:8)
  3 orc warriors
  2 black bears
  3 ogres
  2 kobold brigands
  A phantom (D:5)
  2 bullfrogs
  Blork the orc (D:6)
  2 scorpions
  13 wights
  10 killer bees
  A howler monkey (D:8)
  4 hounds
  Crazy Yiuf (D:6)
  5 orc priests
  2 sleepcaps
  6 iguanas
  6 orc wizards
  3 gnolls (D:3)
  8 adders
  A white imp (D:6)
  An ufetubus (D:5)
  4 worms
  A dart slug (D:4)
  33 orcs
  8 endoplasms
  5 giant cockroaches
  3 goblins
  6 hobgoblins
  10 jackals
  9 kobolds
  8 quokkas
  8 ball pythons
  7 bats
  4 frilled lizards
  8 rats
199 creatures vanquished.

Vanquished Creatures (others)
  2 orcs (D:8)
2 creatures vanquished.

Grand Total: 201 creatures vanquished

Notes
Turn   | Place    | Note
-------+----------+-------------------------------------------
     0 | D:1      | Elmgren the Minotaur Fighter began the quest for the Orb.
     0 | D:1      | Reached XP level 1. HP: 19/19 MP: 0/0
   134 | D:1      | Found a faded altar of an unknown god.
   189 | D:1      | Reached skill level 4 in Fighting
   233 | D:1      | Reached XP level 2. HP: 26/27 MP: 1/1
  1044 | D:2      | Reached XP level 3. HP: 34/34 MP: 2/2
  1545 | D:2      | Identified the +2 ring mail of the Eternal Fruit {*Corrode
                  | Drain rC++ SInv}
  1989 | D:2      | Reached XP level 4. HP: 39/41 MP: 3/3
  2121 | D:3      | Reached skill level 5 in Fighting
  2137 | D:3      | HP: 2/42 [gnoll/+0 spear (1)]
  2873 | D:3      | Reached XP level 5. HP: 45/48 MP: 4/4
  2908 | D:3      | Reached skill level 5 in Maces & Flails
  3209 | D:4      | Found a bloodstained altar of Trog.
  3219 | D:4      | Reached skill level 6 in Fighting
  3348 | D:4      | Reached XP level 6. HP: 56/58 MP: 5/5
  3435 | D:4      | Found Icemut's Distillery.
  3714 | D:4      | Reached skill level 7 in Fighting
  4219 | D:5      | Entered Level 5 of the Dungeon
  4230 | D:5      | Reached XP level 7. HP: 64/66 MP: 6/6
  4273 | D:5      | Found a glowing silver altar of Zin.
  4744 | D:5      | Reached skill level 8 in Fighting
  5164 | D:5      | Found an ornate altar of the Wu Jian Council.
  5408 | D:6      | Noticed Sigmund
  5593 | D:6      | Killed Sigmund
  5594 | D:6      | Reached XP level 8. HP: 66/77 MP: 7/7
  5793 | D:6      | Reached skill level 9 in Fighting
  6521 | D:6      | Noticed Blork the orc
  6528 | D:6      | Killed Blork the orc
  6529 | D:6      | Reached skill level 10 in Fighting
  7136 | D:6      | Found a runed translucent door.
  7137 | D:6      | Noticed Crazy Yiuf
  7142 | D:6      | Killed Crazy Yiuf
  7143 | D:6      | Reached skill level 10 in Maces & Flails
  7174 | D:6      | Identified the +0 hammer "Mifoaq" {venom, Str-5 Int+7
                  | Dex+6}
  7742 | D:7      | Found a staircase to the Ecumenical Temple.
  7901 | Temple   | Entered the Ecumenical Temple
  8109 | Temple   | Became a worshipper of Warmaster Okawaru
  8151 | D:7      | Reached XP level 9. HP: 68/86 MP: 8/8
  8221 | D:7      | Found Lipp's Lightly-Used Armoury.
  8300 | D:7      | Found a glowing golden altar of the Shining One.
  8583 | D:7      | Reached skill level 11 in Fighting
  9126 | D:7      | Reached * piety under Okawaru
  9848 | D:7      | Found a shimmering blue altar of Sif Muna.
  9848 | D:7      | Found a shimmering altar of Xom.
 10318 | D:8      | Reached skill level 12 in Fighting
 10394 | D:8      | Found Lucig's Distillery.
 10444 | D:8      | Noticed Maggie
 10456 | D:8      | Killed Maggie
 10456 | D:8      | Reached ** piety under Okawaru
 10983 | D:8      | Reached XP level 10. HP: 57/100 MP: 9/9
 11026 | D:8      | Noticed a two-headed ogre
 11031 | D:8      | Killed a two-headed ogre
 11032 | D:8      | Reached skill level 13 in Fighting
 11051 | D:8      | Slain by an orc warrior

Illustrated notes

Levels and vault maps discovered:
D:1:      scummos_arrival_forest, layout_basic,
          shapermc_ecumenical_altar_pompeii
D:2:      layout_basic
D:3:      layout_loops_cross, kennysheep_flooded_box
D:4:      layout_loops_cross, trog_three_pillars_becter, serial_shops, shop,
          minivault_25
D:5:      layout_loops_ring, nicolae_wu_jian_immortal_techniques,
          mainiacjoe_overflow_paths
D:6:      layout_layer_cave, gup_sewer_entry_bubbles, uniq_blork_the_orc,
          uniq_sigmund, uniq_crazy_yiuf_cottage
D:7:      layout_layer_cave, gammafunk_temple_overflow_wave,
          mainiacjoe_overflow_six_doors_small, minmay_temple_entry_junction,
          minmay_shop_damaged, grunt_ministairs_2, nicolae_nh_ransacked_shop
D:8:      minmay_clustersquares, layout_loops_ring, kennysheep_mini_moat,
          serial_shops, shop, uniq_maggie
Temple:   compressed_dpeg_circular_temple

Skill      XL: |  1  2  3  4  5  6  7  8  9 10 |
---------------+-------------------------------+-----
Fighting       | 4 5 6 7 8 10 12 13 | 13.1
Maces & Flails | 3 4 5 6 8 10 12 | 12.9
Armour         | |  3.6
Shields        | |  3.6

Action                     |  1- 3 |  4- 6 |  7- 9 | 10-12 || total
---------------------------+-------+-------+-------+-------++-------
  Melee: Flail             |    91 |   118 |   140 |     9 ||   358
         Headbutt          |    16 |    22 |    49 |     4 ||    91
         Mace              |       |       |    85 |    13 ||    98
 Invoke: Heroism           |       |       |     1 |     1 ||     2
    Use: Scroll            |     4 |     6 |    12 |       ||    22
         Potion            |       |       |     1 |       ||     1
 Armour: Scale mail        |    26 |    41 |    71 |       ||   138
         Plate armour      |       |       |    57 |    12 ||    69
  Dodge: Dodged            |    38 |    57 |   112 |     5 ||   212
  Block: Buckler           |    26 |    33 |     7 |       ||    66
